 Dungeon Crawl Stone Soup version 0.31.0-9-g3a7656b989 (webtiles) character file.

Game seed: 11731774937814684392

5 qw the Shooter (level 1, -2/10 HPs)
             Began as a Spriggan Hunter on Feb 2, 2024.
             Slain by a quokka (5 damage)
             ... on level 1 of the Dungeon.
             The game lasted 00:00:00 (79 turns).

qw the Shooter (Spriggan Hunter)                      Turns: 79, Time: 00:00:00

Health: -2/10      AC:  2    Str:  7    XL:     1   Next: 66%
Magic:  2/2        EV: 18    Int: 10    God:
Gold:   0          SH:  0    Dex: 18    Spells: 0/0 levels left

rFire   . . .        a - +0 shortbow
rCold   . . .        (shield currently unavailable)
rNeg    . . .        c - +0 robe
rPois   .            (helmet restricted)
rElec   .            (no cloak)
rCorr   .            (gloves unavailable)
SInv    +            (boots unavailable)
Will    .....        (no amulet)
Stlth   ++           (no ring)
HPRegen 0.21/turn    (no ring)
MPRegen 0.08/turn

%: no passive effects
@: very quick
A: very small, no large weapons, unfitting armour, see invisible, speed 3
a: no special abilities


You were on level 1 of the Dungeon.
You visited 1 branch of the dungeon, and saw 1 of its levels.


Innate Abilities, Weirdness & Mutations

You are very small and have problems with some larger weapons.
You are too small for most types of armour.
You have supernaturally acute eyesight. (SInv)
You cover ground extremely quickly. (Speed+++)


   Skills:
 - Level 1.5 Fighting
 - Level 4.0 Ranged Weapons
 + Level 3.4 Dodging
 - Level 1.5 Stealth


You couldn't memorise any spells.
You didn't know any spells.
Your spell library was empty.

Inventory:

Hand Weapons
 a - a +0 shortbow (weapon)
Armour
 c - a +0 robe (worn)
Scrolls
 b - a scroll of butterflies

Dungeon Overview and Level Annotations

Branches:
Dungeon (1/15)

Altars:


Message History

You shoot an arrow. The arrow hits the hobgoblin.
The hobgoblin is severely wounded.
The hobgoblin hits you.
You shoot an arrow. The arrow hits the hobgoblin.
You kill the hobgoblin!
You start resting.
HP restored.
Found a pair of gloves.
Found a blade talisman.
You see here a blade talisman.
A frilled lizard comes into view.
You shoot an arrow. The arrow hits the frilled lizard.
You kill the frilled lizard!
You see here a frilled lizard corpse.
A quokka, a kobold and a ball python come into view.
Found 2 sedimented black potions.
The kobold shouts!
The ball python hisses angrily.
You hear a shout!
You shoot an arrow. The arrow hits the kobold.
The kobold is moderately wounded.
The quokka twitches its whiskers.
A kobold comes into view. It is wielding a +0 club.
You shoot an arrow. The arrow hits the kobold!
You kill the kobold!
The ball python misses you. The ball python barely misses you.
You shoot an arrow.
The arrow closely misses the ball python.
The arrow hits the quokka.
The quokka is severely wounded.
The ball python misses you. The ball python grabs you.
The ball python constricts you. The quokka bites you.
You shoot an arrow.
The arrow closely misses the ball python.
The ball python misses you. The ball python constricts you.
The quokka completely misses you.
A rat comes into view.
You shoot an arrow. The arrow hits the ball python!
You kill the ball python!
The quokka bites you. x2
Ouch! That really hurt!
You die...

....#...###.. ...
##.....##... .r.. #
#......#..#. .... #.
#.#....##... .....##
#.##.####..##.. .....#.
#..#.# #..###.
.....K.###..|.## #..####
.....#r....##..# #......
.......@######.###...###
......#.##..............
....! #..%.###....#.....
.... ###### #..........
... ..>........| ..
.#######.... . #....
..#.# .....#


You could see a quokka, a kobold and a rat.

Vanquished Creatures
  A ball python (D:1)
  An endoplasm (D:1)
  A hobgoblin (D:1)
  A kobold (D:1)
  2 frilled lizards (D:1)
6 creatures vanquished.

Notes
Turn   | Place    | Note
-------+----------+-------------------------------------------
     0 | D:1      | qw the Spriggan Hunter began the quest for the Orb.
     0 | D:1      | Reached XP level 1. HP: 10/10 MP: 2/2
     0 | D:1      | 0 ||| qw: Version: 0.3-a-155-g5e7d8dd
     0 | D:1      | 0 ||| qw: Game counter: 1428
     0 | D:1      | 0 ||| qw: Melee chars always use a shield: true
     0 | D:1      | 0 ||| qw: God list: Okawaru
     0 | D:1      | 0 ||| qw: Allow faded altars: false
     0 | D:1      | 0 ||| qw: Do Orc after clearing Dungeon:15 true
     0 | D:1      | 0 ||| qw: Do second Lair branch before Depths: true
     0 | D:1      | 0 ||| qw: Lair rune preference: random
     0 | D:1      | 0 ||| qw: Goals: Normal
     0 | D:1      | 0 ||| PLANNING D:1-11
    23 | D:1      | Reached skill level 3 in Dodging
    79 | D:1      | Slain by a quokka

Levels and vault maps discovered:
D:1:      amcnicky_arrival_feature_with_door, layout_rooms,
          dreamdust_ecumenical_altar_drowned_temple, nrook_uturn,
          nicolae_twisty_statue_hallways

Skill      XL: |  1 |
---------------+----+-----
Dodging        | 3 |  3.4
Fighting       | |  1.5
Ranged Weapons | |  4.0
Stealth        | |  1.5

Action                     || total
---------------------------++-------
   Fire: Shortbow          ||    20
 Armour: Robe              ||     5
  Dodge: Dodged            ||    10

Table legend:
 A = Non-vault XP
 B = Vault XP
 C = Vault XP percentage of total XP
 D = Non-vault monster count
 E = Vault monster count
 F = Vault count percentage of total count
                 A         B        C        D         E       F
            +---------+---------+-------+---------+---------+-------
      Total |      10 |       0 |   0.0 |       6 |       0 |   0.0
            +---------+---------+-------+---------+---------+-------
        D:1 |      10 |       0 |   0.0 |       6 |       0 |   0.0
            +---------+---------+-------+---------+---------+-------
